 Dungeon Crawl Stone Soup version 0.29-a0-902-g0f71de6fce (webtiles) character file.

Game seed: 15212919292613221120

98 tilp the Grave Robber (level 4, 0/33 HPs)
             Began as a Mummy Necromancer on July 24, 2022.
             Slain by a black bear (1 damage)
             ... on level 3 of the Dungeon.
             The game lasted 00:04:10 (2967 turns).

tilp the Grave Robber (Mummy Necromancer)           Turns: 2967, Time: 00:04:11

Health: 0/33       AC: -2    Str: 21    XL:     4   Next: 44%
Magic:  2/8        EV: 12    Int: 16    God:
Gold:   124        SH:  0    Dex: 12    Spells: 5/9 levels left

rFire   . . .      SeeInvis +   b - +5 hand axe "Grum" {flame, *Corrode rF+ Will- Str+4 SInv}
rCold   + . .      Faith    .   (no shield)
rNeg    + + +      Spirit   .   d - +0 robe
rPois   ∞          Reflect  .   (no helmet)
rElec   .          Harm     .   (no cloak)
rCorr   .          Rampage  .   (no gloves)
Will    .....                   (no boots)
Stlth   ++........              (no amulet)
HPRegen 0.11/turn               i - +6 ring of strength
MPRegen 0.11/turn               (no ring)

@: corroded
A: cold resistance 1, negative energy resistance 3, torment resistance 2, heat
vulnerability 1, in touch with death 1, no potions
a: no special abilities


You were on level 3 of the Dungeon.
You visited 1 branch of the dungeon, and saw 3 of its levels.

You collected 124 gold pieces.

Inventory:

Hand Weapons
 a - a +1 flail of protection
 b - the +5 hand axe "Grum" (weapon) {flame, *Corrode rF+ Will- Str+4 SInv}
   (You found it on level 2 of the Dungeon)

   It burns those it strikes, dealing additional fire damage.
   Big, fiery blades are also staple armaments of hydra-hunters.
   Str:       It affects your strength (+4).
   rF:        It protects you from fire.
   SInv:      It lets you see invisible.
   *Corrode:  It may corrode you when you take damage.
   Will:      It decreases your willpower.
 j - a +0 battleaxe of freezing
Missiles
 e - 8 poisoned darts (quivered)
 h - 33 stones
Armour
 d - a +0 robe (worn)
Jewellery
 i - a +6 ring of strength (left hand)
Scrolls
 c - a scroll of amnesia
 f - a scroll of torment
 g - a scroll of fog {unknown}


   Skills:
 - Level 2.0 Fighting
 - Level 2.0 Dodging
 - Level 2.0 Stealth
 + Level 3.2 Spellcasting
 * Level 4.8 Necromancy


You had 5 spell levels left.
You knew the following spells:

 Your Spells              Type           Power      Damage    Failure   Level
a - Necrotise             Necr           100%       1d9       2%          1
b - Vampiric Draining     Necr           27%        2d7       8%          3

Your spell library contained the following spells:

 Spells                   Type           Power      Damage    Failure   Level
 Animate Dead             Necr           27%        N/A       24%         4
 Dazzling Flash           Conj/Hex       4%         N/A       50%         3
 Gell's Gravitas          Tloc           2%         N/A       50%         3
 Teleport Other           Tloc           2%         N/A       50%         3
 Agony                    Necr           27%        N/A       56%         5
 Silence                  Hex/Air        1%         N/A       99%         5
 Dispersal                Tloc           1%         N/A       100%        6


Dungeon Overview and Level Annotations

Branches:
Dungeon (3/15)

Altars:
Ashenzari


Innate Abilities, Weirdness & Mutations

You are immune to poison.
Your flesh is cold resistant. (rC+)
You are immune to negative energy. (rN+++)
You are immune to unholy pain and torment.
You are vulnerable to heat. (rF-)
You are in touch with the powers of death.
You do not drink.


Message History

Okay, then.
Unknown command.
Casting: Vampiric Draining (quite dangerous; 8% risk of failure)
Confirm with . or Enter, or press ? or * to list all spells.
The spell is quite dangerous to miscast (8% risk of failure)!
Continue anyway?
Aiming: Vampiric Draining (quite dangerous; 8% risk of failure)
Press: ? - help, Shift-Dir - straight line, f - black bear
Aim: a black bear (moderately wounded)
You feel a surge of power!
You draw life force from the black bear!
You feel life coursing into your body. The black bear bites you.
* * * LOW HITPOINT WARNING * * *
The black bear misses you. The black bear closely misses you.
Unknown command.
Casting: Vampiric Draining (quite dangerous; 8% risk of failure)
Confirm with . or Enter, or press ? or * to list all spells.
The spell is quite dangerous to miscast (8% risk of failure)!
Continue anyway?
Aiming: Vampiric Draining (quite dangerous; 8% risk of failure)
Press: ? - help, Shift-Dir - straight line, f/p - black bear
Aim: a black bear (severely wounded)
You feel a surge of power!
You draw life force from the black bear!
You feel life coursing into your body. The black bear bites you.
* * * LOW HITPOINT WARNING * * *
The black bear claws you.
* * * LOW HITPOINT WARNING * * *
The black bear claws you.
* * * LOW HITPOINT WARNING * * *
Unknown command.
Unknown command.
Casting: Vampiric Draining (quite dangerous; 8% risk of failure)
Confirm with . or Enter, or press ? or * to list all spells.
You don't have enough magic to cast this spell.
A black bear is nearby!
You closely miss the black bear.
The black bear is almost dead.
The black bear bites you.
* * * LOW HITPOINT WARNING * * *
The black bear claws you.
You die...

#..... #(# #.#### . #.#
#.# .. ####.# #.# ...
..#.# #.# .... #.#.# #.#
## .....#.#.# #.###.
K........###########.....
#..)h@......>......###
##..###.###.###....# #..
#.##.#.......# #..
#.###.###....# #.. #.#
#.# #....###
#..###.###.###..#....
#.............#.####.
#.####..........# #.
#####.###### #.


You could see a black bear.

Vanquished Creatures
  3 adders (D:2)
  A worm (D:2)
  4 bats
  10 endoplasms
  9 goblins
  5 hobgoblins
  8 jackals
  8 kobolds
  2 quokkas
  4 ball pythons
  3 rats (D:1)
57 creatures vanquished.

Vanquished Creatures (collateral kills)
  A jackal (D:1)
  A rat (D:1)
2 creatures vanquished.

Grand Total: 59 creatures vanquished

Notes
Turn   | Place    | Note
-------+----------+-------------------------------------------
     0 | D:1      | tilp the Mummy Necromancer began the quest for the Orb.
     0 | D:1      | Reached XP level 1. HP: 13/13 MP: 4/4
   382 | D:1      | Reached XP level 2. HP: 12/20 MP: 3/5
  1042 | D:1      | Reached skill level 1 in Fighting
  1482 | D:1      | Gained mutation: You are in touch with the powers of death.
                  | [Mummy growth]
  1482 | D:1      | Reached XP level 3. HP: 22/26 MP: 7/7
  1486 | D:1      | Learned a level 3 spell: Vampiric Draining
  2325 | D:2      | Identified the +5 hand axe "Grum" {flame, *Corrode rF+
                  | Will- Str+4 SInv}
  2418 | D:2      | Reached XP level 4. HP: 27/33 MP: 8/8
  2593 | D:2      | Found a broken altar of Ashenzari.
  2960 | D:3      | Noticed a black bear
  2967 | D:3      | HP: 1/33 [black bear (5)]
  2967 | D:3      | Slain by a black bear

Illustrated notes

Levels and vault maps discovered:
D:1:      dpeg_arrival_subterranean_lakeside_camping, layout_loops_ring,
          minmay_cut_off
D:2:      layout_rooms, basic_altar
D:3:      layout_loops_ring, chequers_serial_rivers_micro_e,
          mrwooster_statue_mirror, minmay_misc_feat_square, uniq_natasha

Skill      XL: |  1  2  3  4 |
---------------+-------------+-----
Fighting       | 1 2 |  2.0
Spellcasting   | 3 |  3.2
Stealth        | 2 |  2.0
Dodging        | 2 |  2.0
Necromancy     | |  4.8

Action                   |  1- 3 |  4- 6 || total
-------------------------+-------+-------++-------
Melee: Flail             |    72 |     1 ||    73
       Hand axe          |    10 |    24 ||    34
Throw: Stone             |    11 |       ||    11
       Dart              |     6 |       ||     6
 Cast: Necrotise         |    26 |       ||    26
       Vampiric Draining |       |     2 ||     2
  Use: Scroll            |     2 |     1 ||     3
 Stab: Sleeping          |     4 |       ||     4
Armor: Robe              |    18 |     3 ||    21
Dodge: Dodged            |    73 |    19 ||    92

Table legend: (Time is in decaauts)
 A = Elapsed time spent in this place.
 B = Non-inter-level travel time spent in this place.
 C = Inter-level travel time spent in this place.
 D = Time resting spent in this place.
 E = Time spent auto-exploring this place.
 F = Levels seen in this place.
 G = Mean time per level.
                   A        B        C        D        E       F      G
               +--------+--------+--------+--------+--------+-----+--------+
         Total |   3002 |   2931 |     71 |    573 |   1937 |   3 | 1000.7 |
       Dungeon |   3002 |   2931 |     71 |    573 |   1937 |   3 | 1000.7 |
               +--------+--------+--------+--------+--------+-----+--------+

Top non-repeatable levels by time:
     D:1: 2089 daAuts
     D:2: 712 daAuts
     D:3: 200 daAuts
